 Dungeon Crawl Stone Soup version 0.31-a0-365-gcf821cafb2 (webtiles) character file.

Game seed: 1051263242636836001

2092 lunkers the Martial Artist (level 9, -8/56 HPs)
             Began as a Meteoran Shapeshifter on July 27, 2023.
             Mangled by an orc warrior
             ... wielding a +0 war axe
              (20 damage)
             ... in a bailey.
             The game lasted 00:07:56 (2998 turns).

lunkers the Martial Artist (Meteoran Shapeshifter)  Turns: 2998, Time: 00:07:57

Health: -8/56      AC:  1    Str: 16    XL:     9   Next: 81%
Magic:  19/19      EV: 12    Int: 11    God:
Gold:   325        SH:  4    Dex: 19    Spells: 8/8 levels left

rFire   . .          .
                       - Unarmed
rCold   . . .        d - +0 buckler
rNeg    . . .        f - melded +1 ring mail
rPois   +            i - +0 helmet
rElec   .            (no cloak)
rCorr   .            (no gloves)
SInv    .            (no boots)
Will    +....        (no amulet)
Stlth   +            h - ring of poison resistance
HPRegen 0.29/turn    n - ring of magical power
MPRegen 0.16/turn

%: no passive effects
@: maw-form, glowing
A: devouring maw, reduced hp, sense surroundings 2, otherworldly, glowing,
explore regen
a: Begin Untransformation


You were in a bailey.
You were a creature with a mouth for a stomach.
You visited 1 branch of the dungeon, and saw 8 of its levels.
You also visited: Sewer and Bailey.

You collected 325 gold pieces.

Inventory:

Missiles
 b - 2 curare-tipped darts
Armour
 a - a +0 animal skin
 d - a +0 buckler (worn)
 f - a +1 ring mail (melded)
 i - a +0 helmet (worn)
Jewellery
 h - a ring of poison resistance (left hand)
 n - a ring of magical power (right hand)
Talismans
 c - a beast talisman
 q - a maw talisman
Wands
 l - a wand of flame (26)
Scrolls
 g - a scroll of teleportation
 r - a scroll of fog
Potions
 e - a potion of heal wounds
 j - a potion of brilliance {unknown}
 k - 3 potions of berserk rage
 m - a potion of enlightenment {unknown}
 s - a potion of cancellation {unknown}
 t - a potion of curing {unknown}


   Skills:
 + Level 1.4 Fighting
 + Level 2.6 Dodging
 + Level 12.0 Unarmed Combat
 + Level 7.8 Shapeshifting


You had 8 spell levels left.
You didn't know any spells.
Your spell library contained the following spells:

 Spells                   Type           Power      Damage    Failure   Level
 Foxfire                  Conj/Fire      0%         2x1d4     43%         1
 Kiss of Death            Conj/Necr      0%         2d5       43%         1
 Confusing Touch          Hex            0%         N/A       80%         3
 Dazzling Flash           Conj/Hex       0%         N/A       80%         3
 Frozen Ramparts          Ice            0%         1d1       80%         3
 Swiftness                Air            0%         N/A       80%         3
 Volatile Blastmotes      Fire/Tloc      0%         2d10      80%         3
 Dispel Undead            Necr           0%         3d6       99%         4
 Silence                  Hex/Air        0%         N/A       100%        5
 Plasma Beam              Fire/Air       0%         2x1d10    100%        6
 Simulacrum               Ice/Necr       0%         N/A       100%        6
 Starburst                Conj/Fire      0%         6d3       100%        6
 Maxwell's Capacitive Co  Air            0%         ∞         100%        8
 Chain Lightning          Conj/Air       0%         N/A       100%        9


Dungeon Overview and Level Annotations

Branches:
Dungeon (8/15) Zot: 2365    Sewer (visited)          Bailey (1/1) Zot: 550
 Temple: D:4-7         Lair: D:8-11

Altars:
Dithmenos
Fedhas
Hepliaklqana
Kikubaaqudgha
Nemelex Xobeh
Vehumet
Zin

Shops:
D:2 :


Innate Abilities, Weirdness & Mutations

You are a creature with a mouth for a stomach.
Your midsection houses a second, enormous mouth.
Your maximum health is decreased, since you lack skill for your form.
You passively map the area around you.
You are easily found by Zot.
You glow in the dark.
You regain HP and MP as you explore.


Message History

You punch the orc warrior!
You kill the orc warrior!
You hear a splash. x2
No target in view!
No target in view!
You open the door.
An orc warrior comes into view. It is wielding a +0 war axe.
Found 23 gold pieces and a fizzy purple potion.
Found a scroll of revelation.
There is an open door here.
An orc warrior comes into view. It is wielding a +0 war axe.
The orc warrior shouts!
You hear a shout! x3
A hobgoblin comes into view. It is wielding a +0 hand axe.
A gnoll and an orc come into view.
Found a bubbling purple potion.
The orc shouts!
You block the orc warrior's attack.
You completely miss the orc warrior.
You bite the orc warrior, but do no damage.
You closely miss the orc warrior.
The orc warrior hits you with a +0 war axe.
You barely miss the orc warrior.
The orc warrior hits you with a +0 war axe!!
* * * LOW HITPOINT WARNING * * *
You hit the orc warrior but do no damage.
The orc warrior hits you with a +0 war axe!
* * * LOW HITPOINT WARNING * * *
You block the orc warrior's attack.
A goblin comes into view. It is wielding a +0 hand axe.
You closely miss the orc warrior.
The goblin shouts!
You bite the orc warrior.
The orc warrior is lightly wounded.
You hear a shout! x2
The orc warrior hits you with a +0 war axe!
* * * LOW HITPOINT WARNING * * *
You barely miss the orc warrior. You bite the orc warrior!
The orc warrior is heavily wounded.
The orc warrior hits you with a +0 war axe!!
You die...

, , ~~ , ....#.....' #..,
...o#.....' #g. , ,
,..o#.....' #... 8
8.8##....# ##...
,,.?~#....# *#.....*~
#..... .....g#### ~
##))... *
..8..goo.#########......
,......oW.'....))....8..8
,.........#~~~~)#........
*!.8..8...#~~~~~#........
#.......##~~~~~##...8...
##?....##.......##.....#
##!$.##.........##...##
####*♣♣♣.....♣♣♣#####~
♣♣♣∩♣♣♣ **


You could see 2 orc warriors, a gnoll, an orc, a hobgoblin and a goblin.

Vanquished Creatures
  A black bear (D:7)
  4 sky beasts
  2 orc warriors
  A phantom (D:6)
  7 kobold brigands
  2 scorpions
  4 wights (D:8)
  2 howler monkeys
  A hound (D:5)
  4 orc priests
  2 sleepcaps
  Robin (D:2)
  4 gnolls (D:5)
  10 adders
  3 river rats (Sewer)
  6 worms
  2 dart slugs
  11 orcs
  9 endoplasms
  4 giant cockroaches
  13 goblins
  14 hobgoblins
  2 jackals (D:4)
  13 kobolds
  3 quokkas
  9 ball pythons
  2 bats
  4 frilled lizards
  8 rats
148 creatures vanquished.

Notes
Turn   | Place    | Note
-------+----------+-------------------------------------------
     0 | D:1      | lunkers the Meteoran Shapeshifter began the quest for the
                  | Orb.
     0 | D:1      | Reached XP level 1. HP: 16/16 MP: 2/2
   207 | D:1      | Reached skill level 4 in Unarmed Combat
   212 | D:1      | Reached XP level 2. HP: 19/23 MP: 3/3
   504 | D:2      | Reached XP level 3. HP: 28/28 MP: 4/4
   536 | D:2      | Reached skill level 5 in Unarmed Combat
   660 | D:2      | Noticed Robin
   673 | D:2      | Reached XP level 4. HP: 28/35 MP: 5/5
   683 | D:2      | Killed Robin
   715 | D:2      | Found Kinyat's Vocational Training.
   870 | D:2      | Reached skill level 6 in Unarmed Combat
   900 | D:3      | Found a radiant altar of Vehumet.
   920 | D:3      | Reached XP level 5. HP: 16/40 MP: 6/6
  1010 | D:3      | Reached skill level 7 in Unarmed Combat
  1018 | D:3      | Reached XP level 6. HP: 18/47 MP: 7/7
  1096 | D:3      | Got the Octavo of Frore Arson
  1239 | D:3      | Found a glowing drain.
  1251 | Sewer    | Entered a sewer
  1414 | Sewer    | Reached skill level 8 in Unarmed Combat
  1442 | Sewer    | Reached XP level 7. HP: 42/52 MP: 8/8
  1560 | Sewer    | Reached skill level 9 in Unarmed Combat
  1652 | Sewer    | Glimpsed the power of Zot.
  1689 | Sewer    | Glimpsed the power of Zot.
  1691 | Sewer    | Reached skill level 10 in Unarmed Combat
  1691 | Sewer    | Reached XP level 8. HP: 52/59 MP: 9/9
  1717 | Sewer    | Glimpsed the power of Zot.
  1787 | D:3      | Found an ancient bone altar of Kikubaaqudgha.
  2047 | D:4      | Got Sif Muna's Catalogue of Feathers
  2119 | D:4      | Found a hazy altar of Hepliaklqana.
  2121 | D:4      | Found a shadowy altar of Dithmenos.
  2124 | D:4      | Noticed a shadow
  2155 | D:5      | Entered Level 5 of the Dungeon
  2217 | D:5      | Reached skill level 11 in Unarmed Combat
  2247 | D:5      | Found a blossoming altar of Fedhas.
  2432 | D:6      | You fall into a shaft and drop 1 floor!
  2505 | D:7      | Gained mutation: You passively map the area around you.
                  | [Meteoran growth]
  2505 | D:7      | Reached XP level 9. HP: 41/64 MP: 10/10
  2516 | D:7      | Found a sparkling altar of Nemelex Xobeh.
  2539 | D:7      | Reached skill level 5 in Shapeshifting
  2575 | D:7      | Reached skill level 12 in Unarmed Combat
  2602 | D:7      | Found a glowing silver altar of Zin.
  2934 | D:8      | Found a flagged portal.
  2946 | Bailey   | Entered a bailey
  2951 | Bailey   | Noticed an orc warlord
  2998 | Bailey   | Mangled by an orc warrior

Illustrated notes

Levels and vault maps discovered:
D:1:      scummos_arrival_simple_fountains, layout_basic
D:2:      layout_basic, nicolae_shop_vocational, uniq_robin
D:3:      layout_rooms, vehumet_altar_wand_db, marbit_many_paths,
          cheibrodos_sewer_entry_bend
D:4:      layout_cave_pools, riverfiend_overflow_shadow_ancestor,
          minmay_temple_entry_glassed_door, minmay_misc_feat_room
D:5:      layout_basic, nicolae_tso_swordbearing_angel,
          overflow_temple_1_default
D:6:      layout_loops_ring
D:7:      layout_basic, amcnicky_altar_gilded, general_overflow_altar,
          st_stairs_5
D:8:      layout_basic, enter_bailey_6
Bailey:   bailey_axe_bossmonster_kennysheep, bailey

Skill      XL: |  1  2  3  4  5  6  7  8  9 |
---------------+----------------------------+-----
Unarmed Combat | 4 5 6 7 8 10 11 12 | 12.0
Shapeshifting  | 4 7 |  7.8
Fighting       | |  1.4
Dodging        | |  2.6

Action                     |  1- 3 |  4- 6 |  7- 9 || total
---------------------------+-------+-------+-------++-------
  Melee: Unarmed           |    69 |   139 |   204 ||   412
         Punch             |     1 |     4 |    10 ||    15
         Maw               |       |       |     4 ||     4
    Use: Scroll            |       |     5 |     7 ||    12
         Potion            |       |       |     1 ||     1
 Armour: Animal skin       |     7 |       |       ||     7
         Ring mail         |    12 |    49 |    59 ||   120
         Skin              |       |       |    11 ||    11
  Dodge: Dodged            |    30 |    63 |    85 ||   178
  Block: Buckler           |       |       |     4 ||     4
   Form: Maw               |       |       |     2 ||     2
         Beast             |       |       |     1 ||     1

Table legend: (Time is in decaauts)
 A = Elapsed time spent in this place.
 B = Non-inter-level travel time spent in this place.
 C = Inter-level travel time spent in this place.
 D = Time resting spent in this place.
 E = Time spent auto-exploring this place.
 F = Levels seen in this place.
 G = Mean time per level.
                   A        B        C        D        E       F      G
               +--------+--------+--------+--------+--------+-----+--------+
         Total |   3076 |   2942 |    134 |    118 |   1740 |  10 |  307.6 |
       Dungeon |   2435 |   2301 |    134 |    100 |   1410 |   8 |  304.4 |
         Sewer |    592 |    592 |      0 |     18 |    322 |   1 |  592.0 |
        Bailey |     49 |     49 |      0 |      0 |      8 |   1 |   49.0 |
               +--------+--------+--------+--------+--------+-----+--------+

Top non-repeatable levels by time:
   Sewer: 592 daAuts
     D:3: 501 daAuts
     D:2: 459 daAuts
     D:1: 419 daAuts
     D:7: 406 daAuts
     D:4: 284 daAuts
     D:5: 241 daAuts
     D:8: 93 daAuts
  Bailey: 49 daAuts
     D:6: 29 daAuts
